 Dungeon Crawl Stone Soup version 0.30-a0-1066-g63dfefce0d (webtiles) character file.

Game seed: 3713218943796386039

37392 Turgor the Jinx (level 13, -11/80 HPs)
             Began as a Vampire Enchanter on Apr 11, 2023.
             Was an Elder of Ashenzari.
             Mangled by a cane toad (22 damage)
             ... on level 5 of the Lair of Beasts on Apr 12, 2023.
             The game lasted 02:32:00 (18324 turns).

Turgor the Jinx (Vampire Enchanter)                Turns: 18324, Time: 02:32:01

Health: -11/80     AC:  0    Str:  5 (7)  XL:     13   Next: 58%
Magic:  18/26      EV: 25    Int: 17 (19) God:    Ashenzari [****..]
Gold:   595        SH:  0    Dex: 21 (23) Spells: 11/30 levels left

rFire   . . .      SeeInvis +    z - melded +5 dagger (freeze)
rCold   + + .      Faith    .    L - melded +0 buckler of Toth-Mos's Legacy {Elem, Self} (curse)
rNeg    + + +      Spirit   .    O - melded +0 steam dragon scales of Toth-Mos's Legacy {Alch, Fort} (curse)
rPois   ∞          Reflect  .    D - melded +0 helmet of the Eternal Paranoia {Alch, Self} (curse)
rElec   .          Rampage  .    x - melded +0 cloak "Oscillating Fan" {Alch, Range} (curse)
rCorr   .          Clarity  +    J - melded +1 pair of gloves "Behold Eternity" {Cun, Elem} (curse)
Will    +....                    (boots currently unavailable)
Stlth   +++++++                  d - amulet of the acrobat
HPRegen 0.00/turn                i - melded ring of the Ensconced Ether {Slay+4, Self, Comp} (curse)
MPRegen 0.20/turn                r - melded ring "Distant Ennui" {Slay+4, Melee, Elem} (curse)

@: bat-form, flying, bloodless, inhibited regen, very quick
A: fast, flying, no casting, tiny, bloodless, fangs 3, see invisible, vampiric 2
a: Revivify, End Transformation, Renounce Religion, Curse Item, Shatter the
Chains


You were on level 5 of the Lair of Beasts.
You worshipped Ashenzari.
Ashenzari was greatly pleased with you.
You were a vampire bat.
You visited 2 branches of the dungeon, and saw 17 of its levels.
You also visited: Gauntlet.

You collected 1180 gold pieces.
You spent 585 gold pieces at shops.

Inventory:

Hand Weapons
 j - a +0 scimitar of flaming
 z - a +5 dagger of freezing (melded)
 E - the +8 falchion "Demonbane" {spect, Dex+7}
   (You found it on level 1 of the Lair of Beasts)

   Dex:       It affects your dexterity (+7).
Missiles
 F - 52 poisoned darts (quivered)
 P - a curare-tipped dart
 Q - 2 throwing nets
Armour
 x - the cursed +0 cloak "Oscillating Fan" (melded) {Alch, Range}
   (You took it off Crazy Yiuf on level 2 of the Dungeon)

   It has a curse which improves the following skills: Alchemy: Poison Magic and
   Transmutations.
   Ranged Combat: Ranged Weapons and Throwing.
 D - the cursed +0 helmet of the Eternal Paranoia (melded) {Alch, Self}
   (You found it on level 3 of the Dungeon)

   It has a curse which improves the following skills: Alchemy: Poison Magic and
   Transmutations.
   Introspection: Fighting and Spellcasting.
 J - the cursed +1 pair of gloves "Behold Eternity" (melded) {Cun, Elem}
   (You found it on level 5 of the Dungeon)

   It has a curse which improves the following skills: Cunning: Dodging and
   Stealth.
   Elements:  Fire Magic, Ice Magic, Air Magic and Earth Magic.
 L - the cursed +0 buckler of Toth-Mos's Legacy (melded) {Elem, Self}
   (You bought it in a shop on level 2 of the Dungeon)

   It has a curse which improves the following skills: Elements: Fire Magic, Ice
   Magic, Air Magic and Earth Magic.
   Introspection: Fighting and Spellcasting.
 O - the cursed +0 steam dragon scales of Toth-Mos's Legacy (melded) {Alch, Fort}
   (You found it on level 7 of the Dungeon)

   It has a curse which improves the following skills: Alchemy: Poison Magic and
   Transmutations.
   Fortitude: Armour and Shields.
Jewellery
 d - an amulet of the acrobat (around neck)
 i - the cursed ring of the Ensconced Ether (melded) {Slay+4, Self, Comp}
   (You found it on level 1 of the Dungeon)

   [ring of slaying]

   Slay:      It affects your accuracy & damage with ranged weapons and melee
   (+4).
   It has a curse which improves the following skills: Introspection: Fighting
   and Spellcasting.
   Companions: Summonings and Necromancy.
 r - the cursed ring "Distant Ennui" (melded) {Slay+4, Melee, Elem}
   (You found it on level 2 of the Dungeon)

   [ring of slaying]

   Slay:      It affects your accuracy & damage with ranged weapons and melee
   (+4).
   It has a curse which improves the following skills: Melee Combat: Short
   Blades, Long Blades, Axes, Maces & Flails, Polearms, Staves and Unarmed
   Combat.
   Elements:  Fire Magic, Ice Magic, Air Magic and Earth Magic.
Wands
 t - a wand of digging (7)
 v - a wand of mindburst (2)
 S - a wand of iceblast (9)
 T - a wand of charming (14)
 U - a wand of light (20)
Scrolls
 e - 9 scrolls of teleportation
 g - 2 scrolls of poison
 m - a scroll of vulnerability
 n - 9 scrolls of fog
 q - 2 scrolls of blinking
 u - 4 scrolls of amnesia
 A - a scroll of summoning
 B - 4 scrolls of enchant weapon
 H - 2 scrolls of brand weapon
 N - a scroll of torment
 W - a scroll of enchant armour
 X - 3 scrolls of magic mapping
Potions
 a - 5 potions of flight
 c - 5 potions of invisibility
 k - 4 potions of heal wounds
 l - a potion of haste
 o - 15 potions of curing
 s - 2 potions of brilliance
 w - a potion of magic
 C - 2 potions of resistance
 G - a potion of cancellation
 K - 6 potions of mutation
 M - 5 potions of attraction
 R - a potion of ambrosia
 V - 2 potions of might
Miscellaneous
 b - a phantom mirror
 f - a tin of tremorstones (2/2)
 Y - a phial of floods


   Skills:
 - Level 9.4 Fighting
 - Level 10.0(10.4) Short Blades
 + Level 4.0(7.0) Long Blades
 + Level 5.0 Armour
 + Level 6.6 Dodging
 - Level 12.2 Stealth
 - Level 3.4 Shields
 - Level 9.4 Spellcasting
 - Level 1.0 Conjurations
 + Level 12.6 Hexes
 - Level 4.5 Transmutations
 - Level 2.6 Fire Magic
 - Level 3.7 Air Magic
 - Level 2.6 Poison Magic


You had 11 spell levels left.
You knew the following spells:

 Your Spells              Type           Power      Damage    Failure   Level
a - Ensorcelled Hibernat  Hex/Ice        58%        N/A       1%          2
b - Confusing Touch       Hex            50%        N/A       1%          3
c - Mephitic Cloud        Conj/Pois/Air  16%        N/A       10%         3
d - Inner Flame           Hex/Fire       34%        N/A       1%          3
e - Tukima's Dance        Hex            50%        N/A       1%          3
f - Yara's Violent Unrav  Hex/Tmut       18%        3d9       8%          5

Your spell library contained the following spells:

 Spells                   Type           Power      Damage    Failure   Level
 Beastly Appendage        Tmut           46%        N/A       1%          1
 Dazzling Flash           Conj/Hex       62%        N/A       1%          3
 Portal Projectile        Hex/Tloc       58%        N/A       1%          3
 Wereblood                Tmut           23%        N/A       2%          2
 Shock                    Conj/Air       64%        1d7       3%          1
 Passwall                 Tmut/Erth      12%        N/A       5%          2
 Magic Dart               Conj           44%        1d5       6%          1
 Spider Form              Tmut/Pois      20%        N/A       6%          3
 Swiftness                Air            20%        N/A       6%          3
 Anguish                  Hex/Necr       14%        N/A       7%          4
 Apportation              Tloc           16%        N/A       9%          1
 Necrotise                Necr           32%        1d5       9%          1
 Summon Small Mammal      Summ           32%        N/A       9%          1
 Silence                  Hex/Air        17%        N/A       9%          5
 Call Imp                 Summ           16%        N/A       14%         2
 Lesser Beckoning         Tloc           16%        N/A       14%         2
 Airstrike                Air            10%        2d(2-18)  19%         4
 Gell's Gravitas          Tloc           8%         N/A       26%         3
 Teleport Other           Tloc           8%         N/A       26%         3
 Petrify                  Tmut/Erth      15%        N/A       34%         4
 Blade Hands              Tmut           11%        N/A       36%         5
 Enfeeble                 Hex            25%        N/A       41%         7
 Agony                    Necr           8%         N/A       94%         5
 Borgnjor's Vile Clutch   Necr/Erth      4%         N/A       94%         5
 Lee's Rapid Deconstruct  Erth           4%         3d5*      94%         5
 Chain Lightning          Conj/Air       8%         3d10      100%        9
 Fire Storm               Conj/Fire      7%         8d2       100%        9
 Shatter                  Erth           4%         3d7*      100%        9


Dungeon Overview and Level Annotations

Branches:
Dungeon (12/15)            Temple (0/1) D:6            Lair (5/5) D:10
 Shoals (0/4) Lair:2       Spider (0/4) Lair:3          Orc (0/2) D:10
Gauntlet (visited)
  Slime: Lair:4-5

Altars:
Ashenzari
Gozag
Hepliaklqana
Kikubaaqudgha
Makhleb
Okawaru
Uskayaw
Vehumet

Shops:
D:2 [   D:4 *   D:5 ([?(:   D:9 (*   D:11 !

Portals:
Trove: D:12 (give plate armour of Relativism)

Annotations:
D:12 Nergalle


Innate Abilities, Weirdness & Mutations

You are a vampire bat.
You are tiny and dextrous.
You move quickly.
You are flying.
You are immune to poison.
Your equipment is almost entirely melded.
You are incapable of wielding weapons or throwing items.
You cannot cast spells.
You do not regenerate when monsters are visible.
You are frail without blood (-20% HP).
You can heal yourself when you bite living creatures.
You are immune to poison.
You have razor-sharp teeth.
You have supernaturally acute eyesight. (SInv)
You are afflicted with vampirism and can become a bat while bloodless.


Message History

Your Armour skill increases to level 5!
Unknown command.
The death yak seems less confused.
The elephant seems less confused.
The elephant tramples the elephant!
The elephant holds its ground!
The elephant trunk-slaps the elephant but does no damage.
The death yak is engulfed in noxious fumes.
The black mamba hisses angrily.
The komodo dragon bites the elephant!
An elephant comes into view.
The elephant seems less confused.
The yak gores the komodo dragon!
The elephant tramples the water moccasin.
The water moccasin stumbles backwards!
The elephant tramples itself!
The elephant is killed!
The elephant tramples the elephant but does no damage.
The elephant trunk-slaps the elephant but does no damage.
Your base Long Blades skill increases to level 4!
The elephant tramples the elephant!
The elephant holds its ground!
The elephant trunk-slaps the elephant.
The elephant tramples itself!
The elephant trunk-slaps itself but does no damage.
The black mamba attacks as you move away!
The black mamba completely misses you.
An elephant comes into view.
The black mamba attacks as you move away!
The black mamba bites you!
Found a +0 cloak.
An elephant comes into view.
The elephant trumpets!
An elephant comes into view.
The black mamba completely misses you.
The black mamba attacks as you move away!
The black mamba completely misses you.
An elephant comes into view.
The elephant trumpets!
A cane toad comes into view.
There is a stone staircase leading up here.
The black mamba misses you. The cane toad stings you!
* * * LOW HITPOINT WARNING * * *
The elephant misses you. The elephant barely misses you.
The black mamba closely misses you. The cane toad stings you!!
You die...

, , * #.............# * ,
*, , ............S#.. *** ,
*, ................ * *
,................ ,** *
,*,, #............. ,, * ,
, , *,#...........# , *,
,..... #.#.........# , ,,,
,, ......# #..........# , ,
, .......[#####.b....## ,
.....Y....####SYF...# * ,,
...........#.......P.# * ,,
.......Y...##........# , ,
, ................#...#...
,,*,
##.............†###+##Y...,
, #..........Y..##......#..
,
..#........Y###...{Y....##.
................Y##.Y.....,
,


You could see a death yak, 3 elephants, a black mamba, a cane toad and a water
moccasin (wandering).

Vanquished Creatures
  Azrael (D:12)
  A minotaur (Gauntlet)
  Snorg (D:12)
  Erolcha (D:11)
  A hydra (Gauntlet)
  6 two-headed ogres
  2 boulder beetles (D:11)
  6 death yaks
  A skyshark (Lair:3)
  A lindwurm (Lair:4)
  A manticore (D:12)
  A merfolk siren (Lair:2)
  A cyclops (D:11)
  5 elephants
  Maurice (D:11)
  9 cane toads
  3 gargoyles
  A torpor snail (Gauntlet)
  Psyche (D:11)
  2 rime drakes
  An unseen horror (D:11)
  5 komodo dragons
  3 merfolk (Lair:2)
  4 trolls
  3 polar bears (Lair:4)
  A hornet (D:11)
  4 blink frogs (Lair:1)
  2 shadows (D:10)
  2 wraiths
  2 fire elementals (D:12)
  A basilisk (D:12)
  4 steam dragons
  30 yaks
  3 vampire mosquitoes (D:11)
  Menkaure (D:6)
  A two-headed ogre zombie (D:10)
  9 water moccasins
  An acid dragon (D:11)
  2 hell hounds (D:12)
  An orc warrior (D:10)
  3 ice beasts
  2 black bears
  2 sky beasts
  9 wolves
  3 centaurs
  4 ogres
  4 phantoms
  4 kobold brigands
  8 bullfrogs
  A scorpion (D:4)
  8 wights
  6 killer bees (D:7)
  3 troll zombies (D:10)
  2 howler monkeys (D:8)
  2 hounds (D:4)
  3 jellies
  Crazy Yiuf (D:2)
  5 orc priests
  A gnoll bouda (D:7)
  Terence (D:3)
  Jessica (D:2)
  3 iguanas (D:5)
  11 orc wizards
  Natasha (thrice) (D:2)
  4 ogre zombies (D:10)
  4 gnolls (D:7)
  8 adders
  A shadow imp (D:8)
  2 white imps
  2 ufetubi
  A worm (D:3)
  67 orcs
  6 bats
  8 endoplasms
  2 giant cockroaches (D:3)
  6 goblins
  5 hobgoblins
  4 jackals (D:3)
  26 kobolds
  2 quokkas
  3 training dummies (D:9)
  6 ball pythons
  2 frilled lizards
  4 goblin zombies (D:10)
  2 hobgoblin skeletons (D:10)
  3 hobgoblin zombies (D:10)
  3 orc skeletons (D:10)
  13 orc zombies (D:10)
  5 rats
405 creatures vanquished.

Vanquished Creatures (others)
  2 dancing weapons (Lair:2)
  16 fungi
  22 plants
40 creatures vanquished.

Grand Total: 445 creatures vanquished

Notes
Turn   | Place    | Note
-------+----------+-------------------------------------------
     0 | D:1      | Turgor the Vampire Enchanter began the quest for the Orb.
     0 | D:1      | Reached XP level 1. HP: 13/13 MP: 3/3
     6 | D:1      | Noticed a snapping turtle
     6 | D:1      | Noticed a hound
     6 | D:1      | Noticed a water moccasin
     7 | D:1      | Noticed a swamp worm
     7 | D:1      | Noticed a scorpion
   334 | D:1      | Reached XP level 2. HP: 19/19 MP: 5/5
   338 | D:1      | Reached skill level 5 in Stealth
   348 | D:1      | Learned a level 2 spell: Ensorcelled Hibernation
   733 | D:2      | Noticed Jessica
   735 | D:2      | Killed Jessica
   736 | D:2      | Gained mutation: You are afflicted with vampirism and can
                  | become a bat while bloodless. [Vampire growth]
   736 | D:2      | Reached XP level 3. HP: 24/24 MP: 6/6
   835 | D:2      | Found the +7 great mace "Undeadhunter" {deathbane, rN+}
   917 | D:2      | Noticed Natasha
   967 | D:2      | Reached skill level 5 in Hexes
  1095 | D:2      | Reached XP level 4. HP: 30/30 MP: 7/7
  1111 | D:2      | Killed Natasha
  1185 | D:2      | Noticed Natasha
  1189 | D:2      | Killed Natasha
  1235 | D:2      | Found Ebarics's Armour Shoppe.
  1303 | D:2      | Noticed Natasha
  1399 | D:2      | Killed Natasha
  1400 | D:2      | Reached XP level 5. HP: 35/35 MP: 4/8
  1576 | D:2      | Found a runed translucent door.
  1577 | D:2      | Noticed Crazy Yiuf
  1584 | D:2      | Killed Crazy Yiuf
  2117 | D:3      | Noticed Terence
  2129 | D:3      | Killed Terence
  2473 | D:3      | Reached skill level 5 in Short Blades
  2570 | D:3      | Learned a level 3 spell: Confusing Touch
  2620 | D:4      | Found Toimyquw's Mayhem Merchandise.
  2652 | D:4      | Reached XP level 6. HP: 41/41 MP: 6/9
  2687 | D:4      | Noticed a sky beast
  2689 | D:4      | Killed a sky beast
  2856 | D:4      | Reached XP level 7. HP: 46/46 MP: 7/10
  3407 | D:5      | Entered Level 5 of the Dungeon
  3413 | D:5      | Found Mocupurr's Weapon Shoppe.
  3437 | D:5      | Found Boutwudo's Magic Scroll Emporium.
  3445 | D:5      | Bought a scroll of blinking for 90 gold pieces
  3567 | D:5      | Found Dongonub's Antique Armour Boutique.
  3651 | D:5      | Learned a level 3 spell: Mephitic Cloud
  3704 | D:5      | Found Uxiptuixt's Book Shop.
  4107 | D:5      | Reached skill level 1 in Fighting
  4107 | D:5      | Reached XP level 8. HP: 52/54 MP: 6/11
  4297 | D:5      | Found Jenol's Weapon Emporium.
  5042 | D:6      | Noticed Menkaure
  5048 | D:6      | Killed Menkaure
  5305 | D:6      | Found a radiant altar of Vehumet.
  5309 | D:6      | Found an iron altar of Okawaru.
  5310 | D:6      | Found a hazy altar of Hepliaklqana.
  5310 | D:6      | Found an ancient bone altar of Kikubaaqudgha.
  5312 | D:6      | Found an opulent altar of Gozag.
  5313 | D:6      | Found a broken altar of Ashenzari.
  5314 | D:6      | Found a burning altar of Makhleb.
  5320 | D:6      | Became a worshipper of Ashenzari the Shackled
  5335 | D:6      | Reached XP level 9. HP: 62/62 MP: 11/14
  5408 | D:6      | Found a staircase to the Ecumenical Temple.
  6059 | D:7      | Reached skill level 10 in Stealth
  7052 | D:7      | Reached skill level 1 in Air Magic
  7194 | D:8      | Reached skill level 1 in Poison Magic
  7541 | D:8      | Reached * piety under Ashenzari
  7610 | D:8      | Reached skill level 1 in Conjurations
  7681 | D:8      | Reached skill level 10 in Short Blades
  8036 | D:8      | Noticed a troll
  8096 | D:8      | Killed a troll
  8097 | D:8      | Reached XP level 10. HP: 73/73 MP: 12/17
  8097 | D:8      | Upgraded the game from 0.30-a0-1053-gbd8d5ba0ad to
                  | 0.30-a0-1066-g63dfefce0d
  8172 | D:8      | Reached skill level 5 in Spellcasting
  8514 | D:9      | Reached ** piety under Ashenzari
  8526 | D:9      | Noticed a two-headed ogre
  8640 | D:9      | Noticed a two-headed ogre
  8650 | D:9      | Killed a two-headed ogre
  8651 | D:9      | Reached skill level 5 in Fighting
  8861 | D:9      | Noticed a two-headed ogre
  8873 | D:9      | Killed a two-headed ogre
  8916 | D:9      | Killed a two-headed ogre
  9101 | D:9      | Found Ijuefil's Firing Range.
  9102 | D:9      | Found Tumpy's Assorted Antiques.
  9312 | D:10     | Entered Level 10 of the Dungeon
  9368 | D:10     | Noticed a death yak
  9575 | D:10     | Found a staircase to the Orcish Mines.
  9759 | D:10     | Noticed a gargoyle
 10474 | D:10     | Noticed a death yak
 10476 | D:10     | Reached XP level 11. HP: 68/68 MP: 19/22
 10608 | D:5      | Bought a book of Misfortune for 432 gold pieces
 10770 | D:10     | Killed a death yak
 10784 | D:10     | Noticed a death yak
 10867 | D:10     | Reached skill level 10 in Hexes
 10943 | D:10     | Found a staircase to the Lair.
 11035 | D:10     | Killed a death yak
 11197 | D:10     | Killed a death yak
 11287 | D:10     | Reached *** piety under Ashenzari
 11437 | D:10     | Found a hide-covered altar of Uskayaw.
 11690 | D:11     | Noticed a two-headed ogre
 11697 | D:11     | Killed a two-headed ogre
 11729 | D:11     | Noticed Psyche
 11759 | D:11     | Killed Psyche
 11779 | D:11     | Noticed a two-headed ogre
 11783 | D:11     | Killed a two-headed ogre
 11811 | D:11     | Noticed a boulder beetle
 11818 | D:11     | Killed a boulder beetle
 11819 | D:11     | Reached skill level 1 in Armour
 11827 | D:11     | Noticed Erolcha
 11836 | D:11     | Killed Erolcha
 11958 | D:11     | Found Zageivugh's Distillery.
 12069 | D:11     | Noticed Maurice
 12070 | D:11     | Noticed a two-headed ogre
 12205 | D:11     | Killed a two-headed ogre
 12219 | D:11     | Killed Maurice
 12220 | D:11     | Reached XP level 12. HP: 78/78 MP: 23/26
 12224 | D:11     | Learned a level 3 spell: Inner Flame
 12228 | D:11     | Learned a level 3 spell: Tukima's Dance
 12234 | D:11     | Learned a level 5 spell: Yara's Violent Unravelling
 12664 | D:11     | Reached skill level 1 in Transmutations
 12683 | D:11     | Noticed a boulder beetle
 12764 | D:11     | Killed a boulder beetle
 12831 | D:12     | Identified the +2 short sword "Arbiter" {pain, rPois Dex+2}
 12840 | D:12     | Reached **** piety under Ashenzari
 12908 | D:12     | Found a portal to a secret trove of treasure.
 13002 | D:12     | Noticed Azrael
 13005 | D:12     | Noticed Nergalle
 13130 | D:12     | Killed Azrael
 13235 | D:12     | Noticed Snorg
 13238 | D:12     | Killed Snorg
 13239 | D:12     | Reached skill level 1 in Fire Magic
 13316 | Lair:1   | Entered Level 1 of the Lair of Beasts
 13725 | Lair:1   | Identified the +8 falchion "Demonbane" {spect, Dex+7}
 13887 | Lair:1   | Reached skill level 1 in Long Blades
 13887 | Lair:1   | Reached skill level 5 in Dodging
 14638 | Lair:2   | Identified the Volume of the Gargoyle
 14894 | Lair:2   | Reached XP level 13. HP: 85/85 MP: 28/28
 15395 | D:2      | Bought a +0 buckler for 63 gold pieces
 15725 | Lair:2   | Found a staircase to the Shoals.
 15735 | Lair:2   | Reached skill level 1 in Shields
 16424 | Lair:3   | Found a hole to the Spider Nest.
 16819 | Lair:4   | Found a gate leading to a gauntlet.
 16835 | Gauntlet | Entered a Gauntlet
 16835 | Gauntlet | Noticed a reaper
 16835 | Gauntlet | Found a transporter.
 16835 | Gauntlet | Found a transporter.
 16837 | Gauntlet | Found a transporter.
 16852 | Gauntlet | Found a transporter.
 16852 | Gauntlet | Found a transporter.
 16853 | Gauntlet | Identified the ring of Conformity {rF+ Dex+4}
 16897 | Gauntlet | Found a transporter.
 16919 | Gauntlet | Found a transporter.
 16925 | Gauntlet | Found a transporter.
 16933 | Gauntlet | Found a transporter.
 16960 | Gauntlet | Found a transporter.
 16972 | Gauntlet | Found a transporter.
 16988 | Gauntlet | Found a transporter.
 17108 | Gauntlet | Noticed a minotaur
 17116 | Gauntlet | Killed a minotaur
 18207 | Lair:5   | Entered Level 5 of the Lair of Beasts
 18305 | Lair:5   | Reached skill level 5 in Armour
 18324 | Lair:5   | Mangled by a cane toad

Illustrated notes

Levels and vault maps discovered:
D:1:      onia_arrival_zoo_common, layout_basic
D:2:      layout_loops_ring, serial_shops, shop, uniq_natasha,
          uniq_crazy_yiuf_cottage, uniq_jessica
D:3:      layout_basic, uniq_terence
D:4:      layout_rooms, minmay_shop_mayhem, minmay_misc_feat_rugged,
          item_on_display_a
D:5:      layout_loops_corners, serial_shops, nicolae_shop_trees, shop,
          kennysheep_mini, shop_coins, shop
D:6:      layout_loops_ring, minitemple, minmay_temple_entry_crystal_x,
          roderic_roman_lattice, roderic_three_in_a_row, uniq_menkaure
D:7:      layout_loops_cross
D:8:      layout_loops_ring, special_room [special_room_orc], nrook_uturn,
          minmay_misc_feat_pillars, minivault_11, dreamdust_deal_with_the_devil,
          grunt_ministairs_14
D:9:      layout_basic, serial_shops, nicolae_shop_stone,
          nicolae_shop_firing_range
D:10:     layout_loops_ring, nicolae_uskayaw_dance_studio, dpeg_lair_monsters,
          zombieorc2_lemuel
D:11:     layout_basic, serial_shops, nicolae_stop_n_shop_2, minmay_puff,
          uniq_maurice, uniq_psyche, uniq_erolcha
D:12:     layout_roguey, enter_trove_2, uniq_nergalle, uniq_snorg, uniq_azrael
Lair:1:   layout_chaotic_city
Lair:2:   layout_cave_pods, elwin_shoals_entry_stream
Lair:3:   layout_long_grid, spider_nest_entry_web_field
Lair:4:   layout_loops_ring, gauntlet_entry_generic, beast_lair_carwin_2
Lair:5:   minmay_lair_end_enchanted_forest, layout_cave_pods,
          minmay_slime_entry_pillars, kennysheep_snail_temple,
          grunt_megastairs_2, lemuel_fruit_tree

Skill      XL: |  1  2  3  4  5  6  7  8  9 10 11 12 13 |
---------------+----------------------------------------+-----
Stealth        | 5 6 7 9 11 12 | 12.2
Short Blades   | 2 3 4 5 6 8 9 10 | 10.0
Hexes          | 5 6 7 9 12 | 12.6
Fighting       | 1 2 4 6 8 9 |  9.4
Dodging        | 3 5 6 |  6.6
Spellcasting   | 3 4 6 8 9 |  9.4
Air Magic      | 2 3 |  3.7
Poison Magic   | 1 2 |  2.6
Conjurations   | 1 |  1.0
Armour         | 2 4 5 |  5.0
Transmutations | 4 |  4.5
Fire Magic     | 2 |  2.6
Long Blades    | 2 4 |  4.0
Shields        | 3 |  3.4

Action                     |  1- 3 |  4- 6 |  7- 9 | 10-12 | 13-15 || total
---------------------------+-------+-------+-------+-------+-------++-------
  Melee: Dagger            |    45 |    70 |   184 |   420 |   140 ||   859
         Bite              |     3 |     4 |    15 |    52 |    25 ||    99
         Punch             |     1 |       |     7 |     4 |       ||    12
         Scimitar          |       |       |       |       |    14 ||    14
  Throw: Dart              |       |       |    13 |    50 |     4 ||    67
   Cast: Ensorcelled Hiber |     6 |    39 |   119 |    74 |     2 ||   240
         Confusing Touch   |       |       |       |    14 |    20 ||    34
         Mephitic Cloud    |       |       |       |    13 |     9 ||    22
         Tukima's Dance    |       |       |       |     1 |     2 ||     3
 Invoke: Curse Item        |       |       |     2 |     4 |     1 ||     7
Ability: Exsanguinate      |       |       |       |     1 |       ||     1
         Bat Form          |       |       |       |       |     1 ||     1
  Evoke: Wand              |       |       |       |     7 |     2 ||     9
         Tin of tremorston |       |       |       |     1 |       ||     1
    Use: Scroll            |       |     1 |     7 |     3 |     1 ||    12
         Potion            |       |       |       |       |     1 ||     1
   Stab: Sleeping          |    13 |    24 |    76 |    81 |    11 ||   205
         Invisible         |       |       |       |     2 |     2 ||     4
         Confused          |       |       |       |    22 |    27 ||    49
         Distracted        |       |       |       |       |     1 ||     1
 Armour: Robe              |     7 |    14 |    21 |       |       ||    42
         Steam dragon scal |       |       |    11 |    49 |     8 ||    68
  Dodge: Dodged            |    17 |    31 |    63 |   125 |    77 ||   313
  Block: Buckler           |       |       |       |       |    14 ||    14

Table legend: (Time is in decaauts)
 A = Elapsed time spent in this place.
 B = Non-inter-level travel time spent in this place.
 C = Inter-level travel time spent in this place.
 D = Time resting spent in this place.
 E = Time spent auto-exploring this place.
 F = Levels seen in this place.
 G = Mean time per level.
                   A        B        C        D        E       F      G
               +--------+--------+--------+--------+--------+-----+--------+
         Total |  17958 |  16501 |   1457 |   2151 |   7681 |  18 |  997.7 |
       Dungeon |  13467 |  12266 |   1201 |   1837 |   4896 |  12 | 1122.2 |
          Lair |   4203 |   3947 |    256 |    314 |   2785 |   5 |  840.6 |
      Gauntlet |    286 |    286 |      0 |      0 |      0 |   1 |  286.0 |
               +--------+--------+--------+--------+--------+-----+--------+

Top non-repeatable levels by time:
    D:10: 2066 daAuts
     D:7: 1523 daAuts
     D:6: 1293 daAuts
     D:8: 1261 daAuts
     D:5: 1246 daAuts
  Lair:2: 1240 daAuts
     D:9: 1086 daAuts
     D:2: 1034 daAuts
    D:11: 1030 daAuts
  Lair:1: 1021 daAuts
     D:3: 977 daAuts
  Lair:4: 969 daAuts
  Lair:3: 928 daAuts
     D:4: 772 daAuts
     D:1: 730 daAuts
